Map: Blackpink LE

Players

DeMusliM

  • Race: Terran Terran
  • League: Grandmaster
  • Spawn Location: 7:00

Nerchio - Winner!

  • Race: Zerg Zerg
  • League: Grandmaster
  • Spawn Location: 1:00

Event: WESG Barcelona European Finals 2017

VOD

Have the link to the VOD?

Description

Time

  • Played on: Nov. 24, 2017, 8:35 a.m.
  • Length: 9:38

All games in this series

Show
View Real Time Build Order
Export as new Build Order

DeMusliM Terran 

Build Orders: Mech 

Get SALT Encoding   

  12  0:00  SCV  
  13  0:13  SCV  
  14  0:17  Supply Depot  
  14  0:25  SCV  
  15  0:28  Refinery  
  15  0:39  SCV  
  16  0:45  Barracks  
  16  0:51  SCV  
  17  1:03  SCV  
  18  1:15  SCV  
  19  1:31  Orbital Command  
  19  1:32  Marine  
  20  1:41  Command Center  
  20  1:50  Factory  
  20  1:58  SCV  
  20  1:59  Barracks Reactor  
  21  2:06  Supply Depot  
  21  2:10  SCV  
  21  2:14  Refinery  
  22  2:22  SCV  
  23  2:34  SCV  
  23  2:35  Starport, Marine  
  23  2:36  Marine  
  26  2:41  Widow Mine  
  28  2:46  SCV  
  29  2:53  Orbital Command  
  29  2:54  Marine  
  29  2:56  Marine  
  31  3:01  SCV  
  32  3:13  SCV  
  32  3:19  SCV  
  36  3:23  Hellion x2  
  37  3:29  SCV  
  33  3:37  Viking  
  30  3:44  Hellion x2  
  30  3:48  SCV  
  35  3:54  Orbital Command  
  35  4:00  SCV  
  35  4:02  Liberator  
  36  4:06  Hellion x2  
  40  4:12  SCV  
  41  4:23  SCV, Supply Depot  
  45  4:24  SCV  
  46  4:35  Supply Depot  
  46  4:44  SCV x2  
  46  4:45  Hellion x2  
  52  4:56  SCV x2  
  54  5:01  Command Center  
  54  5:08  SCV x2  
  54  5:10  Supply Depot  
  56  5:21  SCV x2  
  58  5:22  Supply Depot  
  58  5:24  Barracks Tech Lab  
  58  5:25  Factory, Starport Reactor  
  58  5:26  Factory  
  58  5:32  Hellion x2  
  58  5:33  SCV  
  63  5:36  SCV  
  63  5:39  Armory  
  64  5:45  SCV  
  64  5:47  Refinery  
  64  5:49  SCV, Refinery  
  60  5:58  SCV  
  60  5:59  Hellion x2  
  60  6:01  SCV  
  66  6:14  Factory Tech Lab  
  66  6:15  SCV x2  
  66  6:16  Orbital Command  
  68  6:26  Thor  
  68  6:32  SCV x2, Thor  
  76  6:39  Medivac x2, Orbital Command  
  86  6:44  SCV  
  86  6:45  SCV  
  88  6:53  Supply Depot  
  88  6:55  Terran Vehicle Weapons Level 1  
  88  6:56  SCV, Armory  
  88  6:57  SCV  
  88  7:00  Supply Depot, Infernal Pre-Igniter  
  90  7:03  Hellion  
  90  7:06  SCV  
  93  7:11  Refinery  
  93  7:12  Refinery  
  93  7:19  SCV  
  93  7:20  SCV  
  95  7:25  Hellion, Siege Tank x2  
  95  7:26  Hellion  
  95  7:27  SCV  
  106  7:31  SCV  
  106  7:32  SCV, Supply Depot x2  
  108  7:40  SCV  
  109  7:44  Factory  
  109  7:45  Factory  
  109  7:53  SCV x3  
  108  8:05  SCV, Hellion x2, Siege Tank x2  
  115  8:06  SCV x2, Hellion  
  111  8:18  SCV x2  
  94  8:20  SCV  
  94  8:24  Command Center  
  95  8:28  Hellion x2  
  95  8:30  SCV, Viking  
  95  8:33  Viking  
  104  8:35  Factory Tech Lab, Factory Reactor  
  104  8:40  SCV  
  104  8:41  SCV  
  104  8:42  SCV  
  104  8:44  Siege Tank x2  
  111  8:54  Supply Depot  
  111  8:55  Supply Depot  
  111  8:57  Siege Tank  
  111  8:58  Hellion x2  
  111  9:02  Supply Depot  
  118  9:03  Supply Depot  
  118  9:05  Supply Depot x2  
  118  9:07  Engineering Bay  
Show
View Real Time Build Order
Export as new Build Order

Nerchio Zerg - Winner!

Build Orders: Pool First 

Get SALT Encoding   

  12  0:00  Drone  
  13  0:12  Overlord  
  13  0:17  Drone  
  14  0:30  Drone x2  
  14  0:34  Drone  
  17  0:45  Spawning Pool  
  17  0:48  Drone  
  17  0:53  Extractor  
  17  0:55  Drone  
  17  1:15  Hatchery  
  16  1:18  Drone  
  17  1:32  Queen  
  19  1:35  Zergling x2  
  19  1:38  Zergling x2  
  21  1:43  Drone  
  22  1:51  Overlord  
  22  1:57  Metabolic Boost  
  22  2:08  Queen  
  22  2:14  Drone  
  22  2:15  Drone  
  26  2:31  Zergling x4  
  26  2:33  Zergling x2  
  29  2:39  Zergling x6  
  29  2:40  Zergling x2  
  33  2:45  Zergling x2  
  33  2:48  Overlord  
  34  2:57  Drone  
  35  3:02  Drone  
  36  3:06  Drone  
  36  3:10  Drone  
  36  3:11  Drone x3  
  41  3:16  Drone  
  41  3:17  Drone, Overlord  
  42  3:23  Drone  
  43  3:30  Drone  
  43  3:39  Hatchery  
  42  3:43  Queen  
  42  3:44  Drone  
  42  3:47  Drone  
  42  3:48  Drone  
  47  3:51  Drone  
  47  3:52  Drone  
  49  3:57  Overlord  
  49  4:02  Queen  
  51  4:05  Drone  
  51  4:08  Baneling Nest  
  51  4:11  Drone  
  51  4:14  Drone  
  51  4:16  Drone x3  
  55  4:19  Overlord  
  55  4:23  Overlord  
  55  4:26  Overlord  
  55  4:35  Overlord  
  55  4:37  Queen  
  56  4:47  Zergling x8  
  60  4:53  Drone x4  
  60  4:54  Drone x4  
  60  4:57  Queen  
  70  5:02  Zergling x2  
  70  5:03  Zergling x4  
  73  5:07  Evolution Chamber  
  73  5:08  Evolution Chamber  
  73  5:09  Baneling  
  73  5:10  Baneling x3  
  71  5:15  Queen  
  71  5:17  Drone x2  
  71  5:19  Drone  
  71  5:20  Drone  
  77  5:23  Drone x2  
  77  5:25  Overlord  
  78  5:38  Drone x2  
  78  5:39  Overlord  
  79  5:47  Drone x3  
  79  5:48  Drone x5  
  79  5:49  Spore Crawler  
  85  5:51  Overlord  
  82  5:59  Drone x2  
  82  6:03  Lair  
  84  6:04  Drone x2  
  84  6:05  Extractor  
  84  6:06  Extractor x2  
  83  6:11  Zerg Missile Weapons Level 1  
  83  6:12  Extractor  
  83  6:13  Zerg Melee Weapons Level 1, Hatchery  
  83  6:17  Drone x4  
  83  6:18  Spore Crawler  
  84  6:19  Drone x2  
  84  6:23  Drone, Spore Crawler  
  84  6:24  Drone x2  
  88  6:28  Drone x3  
  88  6:29  Drone  
  88  6:31  Drone x2  
  93  6:36  Drone x2  
  93  6:39  Drone  
  96  6:40  Drone x3, Extractor  
  96  6:42  Overlord  
  98  6:49  Roach Warren  
  98  6:50  Drone x2  
  98  6:53  Overlord  
  99  6:56  Zergling x6  
  99  6:59  Overlord  
  104  7:01  Zergling x6  
  104  7:02  Extractor  
  104  7:03  Zergling x4  
  104  7:05  Hydralisk Den  
  105  7:08  Infestation Pit  
  105  7:11  Baneling x2  
  104  7:16  Pneumatized Carapace  
  104  7:17  Zergling x4  
  104  7:21  Overlord  
  106  7:34  Hydralisk x9, Muscular Augments  
  124  7:40  Hydralisk x3  
  124  7:43  Overlord  
  130  7:45  Glial Reconstitution  
  130  7:46  Extractor  
  130  7:47  Drone x3  
  130  7:50  Overlord  
  126  8:01  Hydralisk x4  
  126  8:02  Hydralisk  
  126  8:04  Zergling x2  
  126  8:05  Zergling x6  
  115  8:13  Drone  
  115  8:15  Drone x3  
  115  8:16  Drone x3  
  115  8:17  Drone  
  121  8:20  Drone x2  
  121  8:22  Drone  
  121  8:23  Drone  
  121  8:24  Drone  
  121  8:26  Drone x2  
  128  8:44  Hatchery  
  128  8:47  Hydralisk x4  
  135  8:52  Hydralisk x2  
  135  8:53  Hydralisk  
  141  9:10  Overlord  
  141  9:13  Hydralisk  
  141  9:14  Hydralisk x2  
Tags
 
Add a new tag
Caveats
  • Supply blocks, unpowered buildings, or Contaminate may cause inaccurate times.
  • Supply counts are checked every 10 seconds.